 Dungeon Crawl Stone Soup version bcrawl-1.41.1 (webtiles) character file.

Game seed: 9850168113040640021

171837 Grimmash the Sneak (level 7, -4/61 HPs)
             Began as a Naga Archaeologist on Apr 20, 2024.
             Slain by a bullfrog zombie (5 damage)
             ... on level 5 of the Dungeon.
             The game lasted 00:05:42 (4845 turns).

Grimmash the Sneak (Naga Archaeologist)             Turns: 4845, Time: 00:05:43

Health: -4/61      AC: 14    Str: 13    XL:     7   Next: 47%
Magic:  9/9        EV:  1    Int: 16    God:
Gold:   191        SH:  4    Dex: 10    Spells: 9/9 levels left

rFire    . . .     GDR:     25% a - +2 whip (pain)
rCold    . . .     SeeInvis +   d - +0 buckler
rNeg     . . .     Gourm    .   v - +0 chain mail
rPois    +         Faith    .   c - +0 helmet
rElec    .         Spirit   .   (no cloak)
rCorr    .         Reflect  .   q - +0 pair of gloves
MR       +....                  h - +0 barding {Fly}
Stlth    ..........             (no amulet)
HPRegen  0.20/turn              l - ring of protection from magic
MPRegen  0.11/turn              (no ring)

@: flying, very slow
A: large, tail, swims, see invisible, deformed body, poison resistance, slowness
2, slow metabolism 1, spit poison 1, AC +2
a: Spit Poison, Stop Flying


You were on level 5 of the Dungeon.
You were hungry.

You visited 1 branch of the dungeon, and saw 5 of its levels.

You collected 281 gold pieces.
You spent 90 gold pieces at shops.

Inventory:

Hand Weapons
 a - a +2 whip of pain (weapon)
 b - a +0 blowgun
Missiles
 f - 6 curare-tipped needles
 n - 36 poisoned needles
 p - 70 javelins (quivered)
Armour
 c - a +0 helmet (worn)
 d - a +0 buckler (worn)
 h - a +0 barding of flying (worn)
 q - a +0 pair of gloves (worn)
 v - a +0 chain mail (worn)
Jewellery
 l - a ring of protection from magic (left hand)
Scrolls
 g - 2 scrolls of revelation
 i - 6 scrolls of identify
 j - 3 scrolls of remove curse {unknown}
 k - a scroll of fog {unknown}
 r - a scroll of immolation {unknown}
 t - a scroll of fear {unknown}
 w - a scroll of teleportation {unknown}
Potions
 m - 2 potions of brilliance {unknown}
 o - 4 potions of curing
 s - a potion of degeneration {unknown}
 u - 2 potions of mutation {unknown}
Comestibles
 e - 8 rations {!d}


   Skills:
 * Level 2.5 Fighting
 * Level 4.0 Maces & Flails
 * Level 2.9 Armour
 * Level 4.0 Dodging
 + Level 5.4 Stealth
 + Level 0.5 Shields
 * Level 1.6 Spellcasting


You had 9 spell levels left.
You didn't know any spells.
Your spell library was empty.

Dungeon Overview and Level Annotations

Branches:
Dungeon (5/12)
 Temple: D:4-7

Altars:
Hepliaklqana
Nemelex Xobeh
Uskayaw

Shops:
D:5 !

Annotations:
D:3 1 runed door


Innate Abilities, Weirdness & Mutations

You cannot wear boots.
You can swim through water.
Your serpentine skin is tough. (AC +2)
You have supernaturally acute eyesight. (SInv)
Armour fits poorly on your strangely shaped body.
Your system is resistant to poisons. (rPois)
You cover ground very slowly.
You have a slow metabolism.
You can spit poison.


Message History

You whack the adder!
The adder is almost dead.
The adder bites you.
* * * LOW HITPOINT WARNING * * *
You hit the adder.
You kill the adder!
You hit the bullfrog zombie but do no damage.
The bullfrog zombie hits you but does no damage. x2
You hit the bullfrog zombie.
The bullfrog zombie is lightly damaged.
The bullfrog zombie hits you but does no damage.
You closely miss the bullfrog zombie.
The bullfrog zombie is lightly damaged.
The bullfrog zombie hits you but does no damage.
You barely miss the bullfrog zombie.
The bullfrog zombie is lightly damaged.
The bullfrog zombie hits you!
* * * LOW HITPOINT WARNING * * *
The bullfrog zombie hits you.
You die...

.#......#.#..#
.#.##'#<..#..#
....#.#.###..#
...##.#......#####
...##............#
.#.##..####..###.#
.#..#..# #....#.#
.#..#..# #.##.#.#
.#..#..# #....#@#
...# #..#.#Z#
##+#+####..#.#Z#
...........#.#.#
...........###.#
...............#
............Z###
..........##.#
..........##.#


You could see 2 bullfrog zombies.

Vanquished Creatures
  2 bullfrogs
  2 howler monkeys (D:4)
  A crimson imp (D:5)
  A bullfrog skeleton (D:3)
  2 hounds (D:4)
  2 orc wizards (D:4)
  A hound skeleton (D:5)
  A howler monkey skeleton (D:4)
  11 adders
  2 oozes
  2 adder skeletons
  3 worms
  A dart slug (D:3)
  7 leopard geckos
  13 orcs
  A giant cockroach (D:2)
  7 goblins
  6 hobgoblins
  7 kobolds
  3 quokkas (D:4)
  A ball python (D:3)
  4 bats
  3 frilled lizards
  8 rats
91 creatures vanquished.

Notes
Turn   | Place    | Note
-------+----------+-------------------------------------------
     0 | D:1      | Grimmash the Naga Archaeologist began the quest for the
                  | Orb.
     0 | D:1      | Reached XP level 1. HP: 18/18 MP: 1/1
   245 | D:1      | Reached skill level 5 in Stealth
   248 | D:1      | Reached XP level 2. HP: 3/25 MP: 2/2
   887 | D:1      | Reached XP level 3. HP: 21/31 MP: 3/3
  2213 | D:2      | Found a faded altar of an unknown god.
  2577 | D:3      | Reached XP level 4. HP: 30/38 MP: 5/5
  2668 | D:3      | Reached skill level 1 in Armour
  2742 | D:3      | Reached skill level 1 in Spellcasting
  2742 | D:3      | Reached XP level 5. HP: 5/45 MP: 6/6
  2742 | D:3      | Identified a scroll of acquirement
  2756 | D:3      | Identified the +4 falchion "Ziqunyrr" {slice, Dex+2} (You
                  | acquired it on level 3 of the Dungeon)
  3267 | D:3      | Found a hazy altar of Hepliaklqana.
  3282 | D:3      | Found a hide-covered altar of Uskayaw.
  3283 | D:3      | Found a sparkling altar of Nemelex Xobeh.
  3368 | D:3      | Found a runed door.
  3478 | D:4      | Noticed a bullfrog
  3495 | D:3      | Killed a bullfrog
  3496 | D:3      | Reached XP level 6. HP: 12/52 MP: 6/8
  4042 | D:4      | Reached XP level 7. HP: 22/60 MP: 9/9
  4717 | D:5      | Entered Level 5 of the Dungeon
  4717 | D:5      | Found Xaog's Distillery.
  4777 | D:5      | Bought a potion of heal wounds for 60 gold pieces
  4777 | D:5      | Bought a potion of curing for 30 gold pieces
  4845 | D:5      | HP: 1/61 [bullfrog zombie (8)]
  4845 | D:5      | Slain by a bullfrog zombie

Skill      XL: |  1  2  3  4  5  6  7 |
---------------+----------------------+-----
Stealth        | 5 |  5.4
Armour         | 1 2 |  2.9
Dodging        | 3 4 |  4.0
Spellcasting   | 1 |  1.6
Fighting       | 2 |  2.5
Maces & Flails | 2 3 4 |  4.0
Shields        | |  0.5

Action                   |  1- 3 |  4- 6 |  7- 9 || total
-------------------------+-------+-------+-------++-------
Melee: Whip              |   116 |   194 |   112 ||   422
Throw: Javelin           |       |       |     3 ||     3
 Abil: Spit Poison       |    12 |    12 |     4 ||    28
  Use: Scroll            |     1 |     2 |       ||     3
       Potion            |       |     3 |     1 ||     4
 Stab: Sleeping          |     4 |     1 |       ||     5
  Eat: Chunk             |     7 |    10 |     6 ||    23
Armor: Robe              |    22 |       |       ||    22
       Ring mail         |    15 |   159 |    34 ||   208
       Chain mail        |       |       |    82 ||    82
Dodge: Dodged            |    44 |    79 |    15 ||   138
Block: Buckler           |       |    40 |    20 ||    60
